[Event "Early Titled Tuesday Blitz | February 8 2022"]
[White "Papp, Petra"]
[Black "Prieto Aranguren, Alain"]
[WhiteFideId "739049"]
[BlackFideId "2268906"]
[WhiteElo "2259"]
[BlackElo "2235"]
[Result "0-1"]
[Round "04"]
[TimeControl "180+1"]
[Date "2022.02.08"]
[WhiteClock "0:00:01"]
[BlackClock "0:00:12"]

1. d4 Nf6 2. c4 c5 3. d5 e6 4. Nc3 exd5 5. cxd5 Bd6 6. g3 O-O 7. Bg2 Re8 8. Nf3 Bc7 9. d6 Ba5 10. O-O Nc6 11. Bf4 b6 12. Nb5 Ba6 13. a4 Rc8 14. Nd2 Nd4 15. Nxd4 cxd4 16. Bf3 Re6 17. Nb3 d3 18. exd3 Qe8 19. Nxa5 bxa5 20. Ra3 Rb8 21. Rb3 h6 22. Qc2 g5 23. Be3 Rxd6 24. Bxa7 Rxb3 25. Qxb3 Rxd3 26. Qb6 Qe6 27. Qd8+ Kg7 28. Bg2 Rb3 29. Rd1 Rd3 30. Rxd3 Bxd3 31. h3 Qb3 32. Bd4 Qe6 33. Qxa5 Kh7 34. Qd2 Bg6 35. Bxf6 Qxf6 36. Qxd7 Qxb2 37. Qb5 Qd2 38. Bf1 Qe1 39. a5 Be4 40. a6 Qc3 41. Qc4 Qf3 42. Bg2 Qd1+ 43. Kh2 Bd3 0-1


[Site "https://www.chess.com"]

[Event "Early Titled Tuesday Blitz | February 8 2022"]
[White "Paravyan, David"]
[Black "Garcia Martin, Marta"]
[WhiteFideId "4194985"]
[BlackFideId "32084030"]
[WhiteElo "2569"]
[BlackElo "2102"]
[Result "0-1"]
[Round "04"]
[TimeControl "180+1"]
[Date "2022.02.08"]
[WhiteClock "0:00:00"]
[BlackClock "0:00:13"]

1. e4 b6 2. d4 Bb7 3. Nc3 e6 4. Bd3 Nf6 5. Nge2 d5 6. e5 Nfd7 7. Nb1 c5 8. c3 Ba6 9. Bxa6 Nxa6 10. Qd3 Qc8 11. O-O cxd4 12. cxd4 Nb4 13. Qd1 Nc2 14. Nbc3 Nxa1 15. Bg5 h6 16. Bh4 b5 17. Nxb5 Rb8 18. Nbc3 Rxb2 19. Qxa1 Ba3 20. Qd1 O-O 21. Qa4 Bb4 22. Rc1 Bxc3 23. Qd1 Rd2 24. Qf1 Rd3 25. Be7 Re8 26. Ba3 Qc4 27. Bb2 Bxb2 28. Rxc4 dxc4 0-1


[Site "https://www.chess.com"]

[Event "Early Titled Tuesday Blitz | February 8 2022"]
[White "Petesch, Gabriel"]
[Black "Tarasova, Viktoriya"]
[WhiteFideId "2032465"]
[BlackFideId "4175840"]
[WhiteElo "2374"]
[BlackElo "2182"]
[Result "1-0"]
[Round "04"]
[TimeControl "180+1"]
[Date "2022.02.08"]
[WhiteClock "0:00:04"]
[BlackClock "0:00:02"]

1. g3 Nf6 2. Bg2 d5 3. Nf3 c6 4. O-O Bg4 5. c4 Nbd7 6. cxd5 cxd5 7. d3 e6 8. Nc3 Bd6 9. Bd2 O-O 10. Rc1 a6 11. Re1 Rc8 12. h3 Bh5 13. Qb3 Qb6 14. Qxb6 Nxb6 15. Nd4 Bg6 16. Bg5 Nfd7 17. Nb3 h6 18. Be3 Rc7 19. Bd4 Rfc8 20. Rb1 f6 21. h4 Bf7 22. Bh3 Na8 23. Be3 b5 24. a3 Nab6 25. Nd4 Re8 26. Rec1 Kf8 27. Na2 Rxc1+ 28. Rxc1 f5 29. Rc6 Be5 30. Nf3 Na4 31. b3 Nb2 32. Rxa6 Nd1 33. Nxe5 Nxe5 34. Bd4 Nd7 35. Kf1 Rc8 36. Ke1 Rc2 37. Nb4 Rc1 38. Kd2 Rb1 39. Kc2 e5 40. Kxb1 exd4 41. Bxf5 Nc3+ 42. Kc2 Ne5 43. e3 Ne2 44. Ra8+ Ke7 45. Nc6+ Nxc6 46. Kd2 Nc3 47. exd4 Nb1+ 48. Kc2 Nxd4+ 49. Kxb1 Nxf5 50. a4 bxa4 51. bxa4 d4 52. a5 Bd5 53. Ra7+ Kd6 54. Kc2 Kc6 55. g4 Nxh4 56. Rxg7 Kb5 57. f4 Kxa5 58. Rh7 Nf3 59. Rxh6 Ne1+ 60. Kd2 Nf3+ 61. Ke2 Kb4 62. g5 Kc3 63. Rd6 Ba8 64. g6 Nh4 65. g7 Bf3+ 66. Kf2 Kxd3 67. g8=Q Kd2 68. Qa2+ Kc3 69. Qa3+ Kc4 70. Qa4+ Kc5 71. Rd8 d3 72. Ra8 Bxa8 73. Qxa8 d2 74. Qd8 Kc4 75. Qxd2 Nf5 76. Qc2+ 1-0


[Site "https://www.chess.com"]

[Event "Early Titled Tuesday Blitz | February 8 2022"]
[White "Pinheiro, Iung Alicio de O."]
[Black "Gupta, Abhijeet"]
[WhiteFideId "2104350"]
[BlackFideId "5010608"]
[WhiteElo "2607"]
[BlackElo "2549"]
[Result "0-1"]
[Round "04"]
[TimeControl "180+1"]
[Date "2022.02.08"]
[WhiteClock "0:00:01"]
[BlackClock "0:00:45"]

1. e4 c5 2. Nf3 d6 3. c3 Nf6 4. h3 Nc6 5. Bd3 d5 6. exd5 Qxd5 7. Qe2 Qe6 8. Bb5 Qxe2+ 9. Kxe2 Bd7 10. Na3 a6 11. Bc4 b5 12. Bb3 c4 13. Bc2 e5 14. b3 e4 15. Ng5 Bf5 16. g4 Bg6 17. Re1 O-O-O 18. h4 Nxg4 19. Bxe4 Bxe4 20. Nxe4 f5 21. Ng5 Re8+ 22. Kf1 Nh2+ 23. Kg2 Rxe1 24. Nc2 Rxc1 25. Rxc1 Ng4 26. bxc4 bxc4 27. Rb1 Be7 28. Ne6 Kd7 29. Nf4 Rb8 30. Rxb8 Nxb8 31. h5 Nc6 32. f3 Nge5 33. Nd5 Bc5 34. f4 Nd3 0-1


[Site "https://www.chess.com"]

[Event "Early Titled Tuesday Blitz | February 8 2022"]
[White "Pniaczek, Marek"]
[Black "Potapova, Margarita"]
[WhiteFideId "21800421"]
[BlackFideId "14126869"]
[WhiteElo "2138"]
[BlackElo "2209"]
[Result "0-1"]
[Round "04"]
[TimeControl "180+1"]
[Date "2022.02.08"]
[WhiteClock "0:00:07"]
[BlackClock "0:00:09"]

1. e4 c5 2. Nf3 d6 3. Bb5+ Nd7 4. d4 cxd4 5. Qxd4 a6 6. Bxd7+ Bxd7 7. O-O e5 8. Qd3 h6 9. c4 b5 10. Na3 Rb8 11. Be3 Nf6 12. Rfd1 Be7 13. cxb5 axb5 14. Nc2 b4 15. a3 Bb5 16. Qd2 Nxe4 17. Qxb4 d5 18. Qe1 O-O 19. Nb4 Bxb4 20. axb4 Re8 21. Nd2 Nf6 22. Bc5 d4 23. Nb3 Qd5 24. Ra3 Bc6 25. f3 Ng4 26. Na5 Ba8 27. Qg3 Nf6 28. Rad3 Qe6 29. b3 Nd5 30. Nc4 Nf4 31. R3d2 Bd5 32. Bxd4 Bxc4 33. bxc4 Qxc4 34. Ba7 Ne2+ 35. Rxe2 Qxe2 36. Re1 Qd2 37. Bxb8 Rxb8 38. Qxe5 Qxb4 39. h3 Qb6+ 40. Kh2 Rc8 41. Rd1 Qc6 42. Rd6 Qb7 43. Qf5 Re8 44. Rd7 Qb8+ 45. f4 Rf8 46. Qd5 Qxf4+ 47. Kg1 Qc1+ 48. Kh2 Qf4+ 49. Kg1 Re8 50. Rd8 Qc1+ 51. Kf2 Qf4+ 52. Kg1 Qc1+ 53. Kf2 Qe3+ 54. Kf1 Qe1# 0-1


[Site "https://www.chess.com"]

[Event "Early Titled Tuesday Blitz | February 8 2022"]
[White "Politov, Pavel Y."]
[Black "Navalgund, Niranjan"]
[WhiteFideId "24110515"]
[BlackFideId "5030854"]
[WhiteElo "2090"]
[BlackElo "2290"]
[Result "0-1"]
[Round "04"]
[TimeControl "180+1"]
[Date "2022.02.08"]
[WhiteClock "0:00:01"]
[BlackClock "0:00:10"]

1. e4 e5 2. Nf3 Nc6 3. Bc4 Nf6 4. d3 h6 5. c3 d6 6. O-O g5 7. Nbd2 Bg4 8. h3 Bh5 9. a4 g4 10. hxg4 Bxg4 11. b4 Nh5 12. d4 Qf6 13. d5 Ne7 14. a5 Nf4 15. Re1 Rg8 16. g3 Neg6 17. Kh2 h5 18. Bf1 h4 19. gxf4 Qxf4+ 20. Kh1 h3 21. Bd3 Nh4 22. Be2 Bd7 23. Nf1 Qg4 24. Ng3 Ng2 25. Nxe5 Qh4 26. Nf3 Qf6 27. Bd2 O-O-O 28. Bf1 Bh6 29. Bxg2 hxg2+ 30. Kxg2 Bg4 31. Bxh6 Qxh6 32. Rh1 Qf4 33. Qe2 Rg6 34. Qe3 Qf6 35. Rh4 Rdg8 36. Rah1 Kb8 37. Rh7 a6 0-1


[Site "https://www.chess.com"]

[Event "Early Titled Tuesday Blitz | February 8 2022"]
[White "Pourramezanali, Amirreza"]
[Black "Ponkratov, Pavel"]
[WhiteFideId "12511412"]
[BlackFideId "4157800"]
[WhiteElo "2376"]
[BlackElo "2487"]
[Result "0-1"]
[Round "04"]
[TimeControl "180+1"]
[Date "2022.02.08"]
[WhiteClock "0:00:03"]
[BlackClock "0:01:18"]

1. d4 d5 2. c4 e6 3. Nc3 c6 4. e4 dxe4 5. Nxe4 c5 6. dxc5 Qxd1+ 7. Kxd1 Na6 8. Nd6+ Bxd6 9. cxd6 Nf6 10. f3 O-O 11. b3 Rd8 12. Ba3 b6 13. Kc2 Ne8 14. Rd1 Nc5 15. b4 Nb7 16. c5 a5 17. c6 Nbxd6 18. b5 e5 19. Bd3 Be6 20. Bxd6 Rxd6 21. Ne2 Bxa2 22. Nc3 Be6 23. Rhe1 a4 24. Kc1 a3 25. Be4 Rd4 26. Rxd4 exd4 27. Nd5 Bxd5 28. Bxd5 Nc7 29. Bc4 Kf8 30. Kc2 Ra5 31. Kd3 a2 32. Ra1 Nxb5 33. Bxb5 Rxb5 34. Rxa2 Rc5 35. Ra8+ Ke7 36. Ra7+ Ke6 37. c7 Kd5 38. c8=Q Rxc8 39. Rxf7 Rc3+ 40. Kd2 g6 41. Rxh7 Ra3 42. Rd7+ Kc4 43. Rc7+ Kb5 44. Rd7 Kc5 45. h4 Ra2+ 46. Kd3 Rxg2 47. Rxd4 Rd2+ 48. Kxd2 Kxd4 49. Ke2 b5 50. Kd2 b4 51. Kc2 Ke3 52. Kb3 Kxf3 0-1


[Site "https://www.chess.com"]

[Event "Early Titled Tuesday Blitz | February 8 2022"]
[White "Przybylski, Wojciech"]
[Black "Van den Dikkenberg, Erik"]
[WhiteFideId "1117599"]
[BlackFideId "1005880"]
[WhiteElo "2133"]
[BlackElo "2118"]
[Result "1-0"]
[Round "04"]
[TimeControl "180+1"]
[Date "2022.02.08"]
[WhiteClock "0:00:02"]
[BlackClock "0:00:04"]

1. d4 Nf6 2. c4 g6 3. Nc3 Bg7 4. e4 d6 5. Nf3 O-O 6. Be2 e5 7. O-O Nc6 8. h3 exd4 9. Nxd4 Re8 10. Nxc6 bxc6 11. Qc2 Rb8 12. Be3 a5 13. b3 Be6 14. Rad1 Qc8 15. f4 d5 16. cxd5 cxd5 17. e5 Ne4 18. Nxd5 Ng3 19. Rf3 Nxe2+ 20. Qxe2 Qb7 21. Nc3 Bf8 22. Na4 Bd5 23. Rf2 Bb4 24. Bd4 Rbd8 25. f5 Be4 26. f6 Rxd4 27. Rxd4 Rxe5 28. Rd8+ Bf8 29. Nc5 Rxc5 30. Qd2 Rd5 31. Rxf8+ Kxf8 32. Qh6+ Ke8 33. Qxh7 Rd1+ 34. Kh2 Qd5 35. Qh8+ Kd7 36. Rf4 Qe5 37. Qh4 g5 38. Qg4+ Kd6 39. Qxd1+ Ke6 40. Qg4+ Kd6 41. Qd1+ Kc6 42. Qc1+ Kb7 43. g3 gxf4 44. gxf4 Qd5 45. Qe3 Qd3 46. Qc5 Qd2+ 47. Kg3 Qg2+ 48. Kh4 Qf2+ 49. Qxf2 Bf5 50. Qe3 1-0


[Site "https://www.chess.com"]

[Event "Early Titled Tuesday Blitz | February 8 2022"]
[White "Quintiliano Pinto, Renato R."]
[Black "Manelyuk, Daniil"]
[WhiteFideId "2117568"]
[BlackFideId "44173920"]
[WhiteElo "2439"]
[BlackElo "2222"]
[Result "1-0"]
[Round "04"]
[TimeControl "180+1"]
[Date "2022.02.08"]
[WhiteClock "0:02:09"]
[BlackClock "0:01:56"]

1. d4 Nf6 2. Nf3 c5 3. d5 b5 4. Bg5 Qb6 5. Bxf6 Qxf6 6. c3 d6 7. e4 a6 8. a4 b4 9. h3 Bd7 10. Bd3 a5 11. O-O g5 12. e5 dxe5 13. Nbd2 g4 14. Ne4 Qf4 15. Nfd2 gxh3 16. g3 Qh6 17. Kh2 Na6 18. Bxa6 Qxa6 19. Nxc5 Qc4 20. Nxc4 1-0


[Site "https://www.chess.com"]

[Event "Early Titled Tuesday Blitz | February 8 2022"]
[White "Reprintsev, Alexander"]
[Black "Blokhin, Sofia"]
[WhiteFideId "14100541"]
[BlackFideId "4508190"]
[WhiteElo "2126"]
[BlackElo "1762"]
[Result "1-0"]
[Round "04"]
[TimeControl "180+1"]
[Date "2022.02.08"]
[WhiteClock "0:01:26"]
[BlackClock "0:00:05"]

1. e4 c5 2. b3 e5 3. Bb2 d6 4. f4 Qc7 5. Nc3 Nf6 6. Qf3 a6 7. O-O-O Nc6 8. Nd5 Nxd5 9. exd5 Nd4 10. Qf2 Be7 11. Nf3 f6 12. Bd3 b5 13. Kb1 Bb7 14. Nxd4 exd4 15. c4 b4 16. Rde1 O-O-O 17. Re6 Rd7 18. Rhe1 Kb8 19. Bf5 g6 20. Bh3 f5 21. g4 Rf8 22. gxf5 gxf5 23. Rh6 a5 24. Ree6 a4 25. d3 axb3 26. axb3 Ka7 27. Kc2 Kb6 28. Bxd4 cxd4 29. Qxd4+ Qc5 30. Qxc5+ Kxc5 31. Rxh7 Re8 32. Bxf5 Rc7 33. Bg6 Bc8 34. d4+ Kxd4 35. Re4+ Kc5 36. Bxe8 Bf5 37. Kd2 Bxe4 38. Rg7 Kd4 39. h4 Rxc4 40. bxc4 b3 41. Rxe7 b2 42. Rxe4+ Kxe4 43. Kc2 1-0


[Site "https://www.chess.com"]

[Event "Early Titled Tuesday Blitz | February 8 2022"]
[White "Rodchenkov, Sergey D."]
[Black "Araujo Filho, Luiz Antonio Coel"]
[WhiteFideId "4168712"]
[BlackFideId "2130661"]
[WhiteElo "2306"]
[BlackElo "2221"]
[Result "1-0"]
[Round "04"]
[TimeControl "180+1"]
[Date "2022.02.08"]
[WhiteClock "0:02:01"]
[BlackClock "0:02:10"]

1. e4 c6 2. d4 d5 3. e5 Bf5 4. g4 Bd7 5. Nc3 e6 6. Be3 c5 7. dxc5 Nc6 8. Nf3 Qc7 9. Nb5 Qb8 10. Nd6+ Bxd6 11. cxd6 Nh6 12. Bxh6 gxh6 13. Qd2 Qd8 14. O-O-O Qb6 15. Qxh6 Rc8 16. Qf6 Rf8 17. Ng5 Nb4 18. Qe7# 1-0


[Site "https://www.chess.com"]

[Event "Early Titled Tuesday Blitz | February 8 2022"]
[White "Roman, Rodrigo"]
[Black "Flis, Pawel"]
[WhiteFideId "3701220"]
[BlackFideId "1112864"]
[WhiteElo "2001"]
[BlackElo "1735"]
[Result "1-0"]
[Round "04"]
[TimeControl "180+1"]
[Date "2022.02.08"]
[WhiteClock "0:00:25"]
[BlackClock "0:00:13"]

1. d4 Nf6 2. Nf3 c5 3. e3 g6 4. Bd3 Bg7 5. b3 cxd4 6. exd4 O-O 7. Bb2 d5 8. O-O Nc6 9. Nbd2 Re8 10. Re1 Qb6 11. Nf1 Bg4 12. Be2 Ne4 13. c3 Qa5 14. Qd3 Bf5 15. Qe3 Rac8 16. Ng3 Nxg3 17. hxg3 e5 18. dxe5 Nxe5 19. Qd2 Nxf3+ 20. Bxf3 Rxe1+ 21. Qxe1 Bxc3 22. Bxc3 Qxc3 23. Bxd5 Qxe1+ 24. Rxe1 Rc7 25. f3 Kg7 26. Kf2 a5 27. Bc4 Rd7 28. g4 Rd2+ 29. Re2 Rxe2+ 30. Kxe2 Bd7 31. a4 Bc6 32. Ke3 Kf6 33. g3 Ke5 34. f4+ Kf6 35. g5+ Ke7 36. Kd4 b6 37. Ke5 Bf3 38. Bd5 Bd1 39. Bc4 Bc2 40. Kd5 Bf5 41. Kc6 Be6 42. Kxb6 Bxc4 43. bxc4 Kd6 44. Kxa5 Kc5 45. Ka6 Kc6 46. a5 Kc7 47. Ka7 Kc6 48. a6 Kc7 49. c5 Kc6 50. Kb8 Kxc5 51. a7 Kd4 52. a8=Q Ke3 53. Qa7+ Kf3 54. Qxf7 Kxg3 55. Qxh7 Kxf4 56. Qxg6 Kg4 57. Qf6 1-0


[Site "https://www.chess.com"]

[Event "Early Titled Tuesday Blitz | February 8 2022"]
[White "Rudykh, Stepan"]
[Black "Lagunov, Evgenij"]
[WhiteFideId "4180321"]
[BlackFideId "4125363"]
[WhiteElo "2129"]
[BlackElo "2200"]
[Result "0-1"]
[Round "04"]
[TimeControl "180+1"]
[Date "2022.02.08"]
[WhiteClock "0:00:07"]
[BlackClock "0:00:15"]

1. e4 c5 2. Nf3 e6 3. d4 cxd4 4. Nxd4 Nf6 5. Nc3 Nc6 6. Bg5 Bb4 7. Nb5 O-O 8. a3 Be7 9. Qd2 a6 10. Nd6 Ne8 11. Bxe7 Qxe7 12. Nxc8 Rxc8 13. O-O-O d6 14. f4 Rd8 15. Bc4 Nf6 16. Qe2 Nxe4 17. Qxe4 d5 18. Nxd5 exd5 19. Bxd5 Qf6 20. Bxc6 bxc6 21. Qe5 Qh6 22. Rxd8 Rxd8 23. Re1 Rf8 24. h3 Qg6 25. g4 h6 26. Kb1 Rc8 27. Rd1 c5 28. Rd6 f6 29. Qd5+ Kh7 30. Rxa6 c4 31. g5 hxg5 32. fxg5 c3 33. b3 Re8 34. Qd3 Re4 35. Ra4 Re1+ 36. Ka2 Qxd3 37. cxd3 c2 38. Rc4 c1=Q 39. Rxc1 Rxc1 40. Kb2 Rh1 41. gxf6 gxf6 42. a4 Rxh3 43. a5 Rxd3 44. b4 f5 45. a6 Rd6 46. b5 Rb6 47. Kc3 Rxb5 48. a7 Ra5 49. Kb4 Rxa7 0-1


[Site "https://www.chess.com"]

[Event "Early Titled Tuesday Blitz | February 8 2022"]
[White "Rudzinska, Michalina"]
[Black "Sharapov, Evgeny"]
[WhiteFideId "1172883"]
[BlackFideId "14103133"]
[WhiteElo "1904"]
[BlackElo "2367"]
[Result "0-1"]
[Round "04"]
[TimeControl "180+1"]
[Date "2022.02.08"]
[WhiteClock "0:02:24"]
[BlackClock "0:02:29"]

1. g3 c5 2. Bg2 Nc6 3. b3 e5 4. Bb2 d6 5. Nc3 g6 6. Nd5 Bg7 7. c4 Nge7 8. e3 O-O 9. Ne2 Nxd5 10. cxd5 Ne7 11. d4 exd4 12. exd4 Nf5 13. Qd2 Nxd4 14. Nxd4 cxd4 15. O-O Qb6 16. Rad1 Bg4 17. Bf3 Bxf3 0-1


[Site "https://www.chess.com"]

[Event "Early Titled Tuesday Blitz | February 8 2022"]
[White "Rytenko, Vsevolod"]
[Black "Stefanov, Plamen"]
[WhiteFideId "14133040"]
[BlackFideId "2900980"]
[WhiteElo "2144"]
[BlackElo "2137"]
[Result "1-0"]
[Round "04"]
[TimeControl "180+1"]
[Date "2022.02.08"]
[WhiteClock "0:01:00"]
[BlackClock "0:01:52"]

1. d4 Nf6 2. c4 c5 3. Nf3 cxd4 4. Nxd4 Nc6 5. g3 e6 6. Bg2 Bb4+ 7. Nc3 O-O 8. O-O Bxc3 9. bxc3 Qa5 10. Bd2 Qh5 11. e4 Ne5 12. Qb3 Nfg4 13. h3 d5 14. cxd5 exd5 15. hxg4 Nxg4 16. Rfe1 Qh2+ 17. Kf1 dxe4 18. Rxe4 h5 19. Nf3 Be6 20. Rxe6 fxe6 21. Nxh2 Rxf2+ 22. Kg1 Rxd2 23. Nxg4 hxg4 24. Qxe6+ Kh8 25. Re1 Rf8 26. Qxg4 1-0


[Site "https://www.chess.com"]

[Event "Early Titled Tuesday Blitz | February 8 2022"]
[White "Sadhwani, Raunak"]
[Black "Svane, Frederik"]
[WhiteFideId "35093487"]
[BlackFideId "12923044"]
[WhiteElo "2616"]
[BlackElo "2459"]
[Result "1/2-1/2"]
[Round "04"]
[TimeControl "180+1"]
[Date "2022.02.08"]
[WhiteClock "0:00:51"]
[BlackClock "0:00:39"]

1. d4 Nf6 2. c4 e6 3. g3 d5 4. Bg2 Bb4+ 5. Bd2 Be7 6. Nf3 O-O 7. O-O c6 8. Bc3 b6 9. Nbd2 Ba6 10. a4 Nbd7 11. b3 Qc8 12. Qc2 c5 13. Rfc1 cxd4 14. Nxd4 Bb7 15. a5 bxa5 16. Bxa5 Bc5 17. e3 dxc4 18. Qxc4 Bxg2 19. Kxg2 Qb7+ 20. Kg1 Rfc8 21. b4 Bf8 22. Qb5 Qxb5 23. Nxb5 a6 24. Rxc8 Rxc8 25. Nc7 Bxb4 26. Bxb4 Rxc7 27. Rxa6 h6 28. Ra1 Ne5 29. Bd6 Rd7 30. Bxe5 Rxd2 31. Bxf6 gxf6 32. Kg2 1/2-1/2


[Site "https://www.chess.com"]

[Event "Early Titled Tuesday Blitz | February 8 2022"]
[White "Salimova, Nurgyul"]
[Black "Chigaev, Maksim"]
[WhiteFideId "2915138"]
[BlackFideId "4108116"]
[WhiteElo "2185"]
[BlackElo "2502"]
[Result "0-1"]
[Round "04"]
[TimeControl "180+1"]
[Date "2022.02.08"]
[WhiteClock "0:00:04"]
[BlackClock "0:00:06"]

1. d4 Nf6 2. Nc3 e6 3. e4 d5 4. Bg5 h6 5. Bxf6 Qxf6 6. exd5 Bb4 7. Bc4 O-O 8. Ne2 exd5 9. Bxd5 Rd8 10. Bf3 Nc6 11. O-O Nxd4 12. Nxd4 Rxd4 13. Qe2 c6 14. Ne4 Rxe4 15. Qxe4 Bf8 16. c3 Bf5 17. Qe3 Bd6 18. Rad1 Bc7 19. Rfe1 Be6 20. b3 Bb6 21. Qc1 Qh4 22. Qc2 Rf8 23. g3 Qf6 24. Bg2 h5 25. h4 g5 26. hxg5 Qxg5 27. Qd3 h4 28. gxh4 Qxh4 29. Re2 Bg4 30. Rde1 Bxe2 31. Rxe2 Rd8 32. Qc2 Kg7 33. Kf1 Rd6 34. Qc1 Rf6 35. Qe1 a5 36. Qd2 a4 37. b4 a3 38. Re4 Qh5 39. Rf4 Qb5+ 40. Kg1 Qg5 41. Rc4 Qxd2 0-1


[Site "https://www.chess.com"]

[Event "Early Titled Tuesday Blitz | February 8 2022"]
[White "San, Thit Lwin"]
[Black "Maze, Sebastien"]
[WhiteFideId "13001272"]
[BlackFideId "613762"]
[WhiteElo "2232"]
[BlackElo "2462"]
[Result "0-1"]
[Round "04"]
[TimeControl "180+1"]
[Date "2022.02.08"]
[WhiteClock "0:00:09"]
[BlackClock "0:00:58"]

1. Nf3 Nf6 2. c4 g6 3. Nc3 Bg7 4. e4 O-O 5. d4 d6 6. Be2 Na6 7. O-O e5 8. Be3 c6 9. Qc2 Ng4 10. Bg5 Qe8 11. d5 h6 12. Bd2 f5 13. Rad1 c5 14. a3 f4 15. Nb5 Qe7 16. b4 g5 17. Ne1 Nf6 18. Nd3 Nxe4 19. f3 Nxd2 20. Qxd2 e4 21. fxe4 Nc7 22. Nxc7 Qxc7 23. bxc5 Bd4+ 24. Kh1 dxc5 25. e5 Bf5 26. d6 Qg7 27. Bf3 Be3 28. Qc3 Rae8 29. Bd5+ Kh8 30. Rb1 b6 31. Bc6 Bxd3 32. Bxe8 Bxb1 33. d7 Qe7 34. Rxb1 Bd4 35. Qe1 f3 36. gxf3 Rxf3 37. e6 Re3 38. Qf1 Rxe6 39. Qf7 Re1+ 40. Kg2 Qe4+ 41. Kh3 Re3+ 0-1


[Site "https://www.chess.com"]

[Event "Early Titled Tuesday Blitz | February 8 2022"]
[White "Sanal, Vahap"]
[Black "Arabidze, Meri"]
[WhiteFideId "6300545"]
[BlackFideId "13604040"]
[WhiteElo "2603"]
[BlackElo "2329"]
[Result "1-0"]
[Round "04"]
[TimeControl "180+1"]
[Date "2022.02.08"]
[WhiteClock "0:00:32"]
[BlackClock "0:00:04"]

1. Nf3 d5 2. b3 Nf6 3. Bb2 c5 4. g3 Nc6 5. Bg2 e6 6. O-O Be7 7. e3 O-O 8. c4 b6 9. Qe2 Bb7 10. d3 Rc8 11. Nc3 Qc7 12. cxd5 exd5 13. Nh4 Qd7 14. Rad1 Rfe8 15. Ba1 Bf8 16. Qb2 d4 17. Ne4 Nd5 18. Rfe1 Rcd8 19. Qc1 Be7 20. Nf3 f5 21. exd4 cxd4 22. Nxd4 Nxd4 23. Bxd4 fxe4 24. dxe4 Bb4 25. Rf1 Ba6 26. exd5 Bxf1 27. Rxf1 Bc5 28. Bxc5 bxc5 29. Qxc5 Re2 30. a4 Rc8 31. Qd4 a5 32. Bf3 Rec2 33. Bg4 Qd6 34. Be6+ Kh8 35. Bxc8 Rxc8 36. Re1 Rd8 37. Qe5 h6 38. Qxd6 Rxd6 39. Re5 Kg8 40. Kf1 Kf7 41. Ke2 Rb6 42. Re3 Rd6 43. Rd3 Kf6 44. Ke3 g5 45. Kd4 g4 46. Kc5 1-0


[Site "https://www.chess.com"]

[Event "Early Titled Tuesday Blitz | February 8 2022"]
[White "Sarana, Alexey"]
[Black "Maevsky, Nikolay"]
[WhiteFideId "24133795"]
[BlackFideId "4198220"]
[WhiteElo "2665"]
[BlackElo "2104"]
[Result "0-1"]
[Round "04"]
[TimeControl "180+1"]
[Date "2022.02.08"]
[WhiteClock "0:00:01"]
[BlackClock "0:00:02"]

1. d4 d5 2. c4 c6 3. Nf3 Nf6 4. Nc3 dxc4 5. a4 Bf5 6. Ne5 e6 7. f3 Bb4 8. Nxc4 O-O 9. Kf2 c5 10. Na2 Nc6 11. Nxb4 cxb4 12. e4 Bxe4 13. fxe4 Nxe4+ 14. Kg1 Qxd4+ 15. Be3 Qxd1 16. Rxd1 Rfd8 17. Bd3 f5 18. Kf1 Nf6 19. Ke2 Nd5 20. g3 g6 21. Bc2 Nxe3 22. Kxe3 e5 23. Rxd8+ Rxd8 24. Rd1 Rd4 25. Rxd4 Nxd4 26. Bd1 Nc6 27. a5 Kf7 28. Ba4 Ke6 29. Bxc6 bxc6 30. b3 Kd5 31. h4 h6 32. Kd3 g5 33. h5 f4 34. g4 e4+ 35. Ke2 Kd4 36. Nd6 f3+ 37. Kf2 Kd3 38. Nf5 c5 39. Ne3 Kc3 40. Nf5 Kd3 41. Nd6 a6 42. Nb7 c4 43. Nc5+ Kd4 44. Nxa6 cxb3 45. Nxb4 b2 46. Nc2+ Kc3 47. Na3 Kb3 48. a6 Kxa3 49. a7 b1=Q 50. a8=Q+ Kb2 51. Qb8+ Kc1 52. Qf8 Qc2+ 53. Ke3 Qe2+ 54. Kd4 f2 55. Qc5+ Qc2 56. Qb5 Qb2+ 57. Kd5 Qxb5+ 58. Ke6 f1=Q 0-1


[Site "https://www.chess.com"]

[Event "Early Titled Tuesday Blitz | February 8 2022"]
[White "Saravana, Krishnan P."]
[Black "Alekseev, Evgeny"]
[WhiteFideId "5018382"]
[BlackFideId "4138147"]
[WhiteElo "2210"]
[BlackElo "2589"]
[Result "0-1"]
[Round "04"]
[TimeControl "180+1"]
[Date "2022.02.08"]
[WhiteClock "0:00:36"]
[BlackClock "0:00:18"]

1. d4 Nf6 2. c4 e6 3. Nf3 d5 4. Nc3 Bb4 5. Qa4+ Nc6 6. Bg5 dxc4 7. e3 Bd7 8. Qc2 b5 9. Be2 a6 10. O-O O-O 11. e4 h6 12. Bxf6 Qxf6 13. e5 Qd8 14. Rad1 Be7 15. b3 Nb4 16. Qb1 cxb3 17. d5 bxa2 18. Qb2 exd5 19. Nxd5 Nxd5 20. Rxd5 Qc8 21. Nd4 c5 22. Nb3 Be6 23. Rdd1 Qc7 24. f4 Rfd8 25. Rc1 c4 26. f5 Qb6+ 27. Kh1 cxb3 28. fxe6 Qxe6 29. Bh5 g6 30. Bd1 Bg5 31. Bxb3 Bxc1 32. Rxc1 Qe7 33. Qxa2 Kg7 34. Rf1 Rf8 35. Bd5 Rad8 36. e6 fxe6 37. Qa1+ Kh7 38. Rxf8 Rxf8 39. Be4 Qf6 0-1


[Site "https://www.chess.com"]

[Event "Early Titled Tuesday Blitz | February 8 2022"]
[White "Sargsyan, Anna M."]
[Black "Kravtsiv, Martyn"]
[WhiteFideId "13308130"]
[BlackFideId "14113147"]
[WhiteElo "2271"]
[BlackElo "2694"]
[Result "1-0"]
[Round "04"]
[TimeControl "180+1"]
[Date "2022.02.08"]
[WhiteClock "0:00:13"]
[BlackClock "0:00:02"]

1. e4 e5 2. Nf3 Nc6 3. Bc4 Nf6 4. d3 Be7 5. Nbd2 O-O 6. Nf1 d5 7. exd5 Nxd5 8. Ng3 Nb6 9. Bb3 Kh8 10. O-O f6 11. Re1 Na5 12. Nh4 Nxb3 13. axb3 Be6 14. Nhf5 Bc5 15. Be3 Bxe3 16. fxe3 g6 17. Nh4 f5 18. Nf3 Nd7 19. d4 e4 20. Nd2 c5 21. c4 cxd4 22. exd4 Qf6 23. Ndf1 a6 24. Kh1 Rad8 25. Ne2 Nc5 26. Nfg3 Nd3 27. Rf1 Qh4 28. d5 Bg8 29. Qd2 Rde8 30. Nf4 Nxf4 31. Rxf4 Qf6 32. Raf1 e3 33. Qe2 Qe5 34. R1f3 b5 35. h4 Re7 36. Nf1 Rfe8 37. g4 bxc4 38. bxc4 fxg4 39. Rxg4 Rb8 40. Rxe3 Bxd5+ 41. cxd5 Qxd5+ 42. Rg2 Rxe3 43. Nxe3 Qe4 44. Qf2 Kg8 45. Ng4 Qb1+ 46. Kh2 Rf8 47. Qd4 Qc1 48. Nf6+ Kf7 49. Nd5 Kg8 50. Nf6+ Kf7 51. Rf2 1-0


[Site "https://www.chess.com"]

[Event "Early Titled Tuesday Blitz | February 8 2022"]
[White "Schut, Han"]
[Black "Eynullayev, Altay"]
[WhiteFideId "1005561"]
[BlackFideId "13413562"]
[WhiteElo "2057"]
[BlackElo "2079"]
[Result "0-1"]
[Round "04"]
[TimeControl "180+1"]
[Date "2022.02.08"]
[WhiteClock "0:00:01"]
[BlackClock "0:00:02"]

1. e4 c5 2. Nf3 e6 3. c4 Nc6 4. Nc3 d6 5. d4 cxd4 6. Nxd4 Nf6 7. Be2 Be7 8. Be3 O-O 9. Rc1 a6 10. f3 Bd7 11. Qd2 Nxd4 12. Bxd4 Bc6 13. O-O Rb8 14. Ba7 Rc8 15. Qe3 Nd7 16. b4 b6 17. b5 axb5 18. cxb5 Bb7 19. Na4 Rxc1 20. Rxc1 Qa8 21. Rc7 Rd8 22. Bxb6 d5 23. Rxb7 Qxa4 24. exd5 Nxb6 25. Rxb6 Bf6 26. Ra6 Qb4 27. Qc1 Qd4+ 28. Kf1 Qe5 29. g3 Qxd5 30. a4 h5 31. Rc6 h4 32. Rc8 h3 33. Rxd8+ Qxd8 34. Qd1 Qa5 35. Bd3 Qb4 36. Qe2 g6 37. Qd1 Bd4 38. Bc2 Qb2 0-1


[Site "https://www.chess.com"]